 Dungeon Crawl Stone Soup version 0.29-a0-839-g4793fd635e (webtiles) character file.

Game seed: 4923226873015040691

37 forukna the Trooper (level 3, -1/29 HPs)
             Began as a Human Chaos Knight on July 14, 2022.
             Was a Plaything of Xom.
             Slain by an orc
             ... wielding a +0 falchion
              (8 damage)
             ... on level 2 of the Dungeon.
             The game lasted 00:10:44 (1166 turns).

forukna the Trooper (Human Chaos Knight)            Turns: 1166, Time: 00:11:01

Health: -1/29      AC:  5    Str: 14    XL:     3   Next: 60%
Magic:  3/3        EV: 11    Int: 12    God:    Xom [......]
Gold:   17         SH:  0    Dex: 12    Spells: 2/2 levels left

rFire   . . .      SeeInvis .   a - +0 spear (chaos)
rCold   . . .      Faith    .   (no shield)
rNeg    . . .      Spirit   .   b - +2 leather armour
rPois   .          Reflect  .   (no helmet)
rElec   .          Harm     .   (no cloak)
rCorr   .          Rampage  .   (no gloves)
Will    .....                   (no boots)
Stlth   +.........              (no amulet)
HPRegen 0.09/turn               (no ring)
MPRegen 0.08/turn               (no ring)

@: unable to drink
A: inability to drink while threatened 1
a: Renounce Religion


You were on level 2 of the Dungeon.
You worshipped Xom.
You were a very special plaything of Xom.
You visited 1 branch of the dungeon, and saw 2 of its levels.

You collected 17 gold pieces.

Inventory:

Hand Weapons
 a - a +0 spear of chaos (weapon)
 d - a +0 dagger
 g - a +0 whip
 h - a +0 short sword
 j - a +0 mace
 l - a +0 dagger
 n - a +0 club
 o - a +0 hand axe
 r - a +0 club
 u - a +0 quarterstaff
Missiles
 m - 16 stones (quivered)
Armour
 b - a +2 leather armour (worn)
Magical Staves
 t - a staff of conjuration
Jewellery
 s - the amulet "Peceoray" {Faith rF+}
   (Xom gifted it to you on level 1 of the Dungeon)

   [amulet of faith]

   It allows you to gain divine favour quickly.
   rF:        It protects you from fire.
Scrolls
 f - a scroll of enchant armour {unknown}
 i - 2 scrolls of identify {unknown}
 k - a scroll of vulnerability {unknown}
 q - a scroll of teleportation {unknown}
 v - a scroll of enchant weapon {unknown}
Potions
 p - a potion of invisibility {unknown}
Miscellaneous
 c - a piece from Xom's chessboard (15/15)


   Skills:
 + Level 3.5 Fighting
 + Level 3.5 Polearms
 + Level 2.3 Armour
 + Level 1.0 Dodging
 + Level 0.2 Stealth


You had 2 spell levels left.
You didn't know any spells.
Your spell library was empty.

Dungeon Overview and Level Annotations

Branches:
Dungeon (2/15)

Altars:


Innate Abilities, Weirdness & Mutations

You occasionally lose the ability to drink potions when taking damage.


Message History

You feel sick. The adder bites you but does no damage.
You closely miss the adder.
The adder is severely wounded.
You feel sick. The adder bites you but does no damage.
You hit the adder but do no damage.
The adder is severely wounded.
* * * LOW HITPOINT WARNING * * *
You feel sick.
You kill the adder!
You feel sick.
You feel sick.
You feel sick.
You feel sick.
You feel sick.
You are no longer poisoned.
Found a stone staircase leading up.
An orc comes into view. It is wielding a +0 falchion.
The orc shouts!
You hear a shout!
An orc comes into view. It is wielding a +0 dagger.
An orc comes into view. It is wielding a +0 trident.
The orc shouts!
An orc priest comes into view. It is wielding a +0 mace.
The orc attacks as you move away! The orc hits you with a +0 falchion.
* * * LOW HITPOINT WARNING * * *
Xom's power brushes against you for a moment.
Your body is suffused with distortional energy.
You occasionally lose the ability to drink potions when threatened.
It was a potion of curing.
You feel better. The orc hits you with a +0 falchion.
* * * LOW HITPOINT WARNING * * *
You hit the orc.
The orc seems to speed up.
The orc is lightly wounded.
The orc misses you.
You hit the orc.
The orc seems to grow stronger.
Xom is highly amused!
The orc is heavily wounded.
The orc hits you with a +0 falchion!
You feel threatened and lose the ability to drink potions!
You die... "Huh?
Did I miss anything?"

##.#..# ##.#
#.....# ..#
#<..##########.#
#.....o..o...#
############.#
#######.#
#.o..o..#
#.#######o#######
#........@#
########..# #..#
#..# #..# #..#
#..# #..# #...


You could see 2 orcs.

Vanquished Creatures
  An adder (D:2)
  2 dart slugs (D:1)
  2 bats (D:1)
  2 endoplasms (D:1)
  4 goblins (D:1)
  A hobgoblin (D:1)
  3 jackals (D:1)
  A quokka (D:1)
  A ball python (D:1)
  2 frilled lizards
  2 kobolds (D:1)
21 creatures vanquished.

Notes
Turn   | Place    | Note
-------+----------+-------------------------------------------
     0 | D:1      | forukna the Human Chaos Knight began the quest for the Orb.
     0 | D:1      | Reached XP level 1. HP: 18/18 MP: 1/1
    71 | D:1      | XOM: noise
    90 | D:1      | Reached XP level 2. HP: 11/24 MP: 2/2
   345 | D:1      | XOM: silly message
   405 | D:1      | XOM: butterfly on damage
   589 | D:1      | Identified the amulet "Peceoray" {Faith rF+} (Xom gifted it
                  | to you on level 1 of the Dungeon)
   589 | D:1      | XOM: god gift: amulet "Peceoray" {Faith rF+}
   643 | D:1      | Reached XP level 3. HP: 12/29 MP: 3/3
  1163 | D:2      | XOM: give mutation
  1163 | D:2      | Gained mutation: You occasionally lose the ability to drink
                  | potions when taking damage. [Xom's mischief]
  1166 | D:2      | Slain by an orc

Illustrated notes

Levels and vault maps discovered:
D:1:      minmay_arrival_five_plusses, layout_loops_ring
D:2:      layout_loops_ring, serial_shops,
          nicolae_shop_competitors_out_of_business

Action                   || total
-------------------------++-------
Melee: Spear             ||    68
       Punch             ||     1
Throw: Stone             ||     5
  Use: Potion            ||     1
Armor: Leather armour    ||    28
Dodge: Dodged            ||    59

Table legend: (Time is in decaauts)
 A = Elapsed time spent in this place.
 B = Non-inter-level travel time spent in this place.
 C = Inter-level travel time spent in this place.
 D = Time resting spent in this place.
 E = Time spent auto-exploring this place.
 F = Levels seen in this place.
 G = Mean time per level.
                   A        B        C        D        E       F      G
               +--------+--------+--------+--------+--------+-----+--------+
         Total |   1162 |   1085 |     77 |      0 |      0 |   2 |  581.0 |
       Dungeon |   1162 |   1085 |     77 |      0 |      0 |   2 |  581.0 |
               +--------+--------+--------+--------+--------+-----+--------+

Top non-repeatable levels by time:
     D:1: 1097 daAuts
     D:2: 65 daAuts
